 Dungeon Crawl Stone Soup version 0.30.1-11-g7821555f0a (webtiles) character file.

Game seed: 3860552960646960699

396 monsoonserge the Shooter (level 6, -4/32 HPs)
             Began as a Spriggan Hunter on Nov 4, 2023.
             Was an Initiate of Okawaru.
             Slain by Duvessa
             ... wielding a +0 short sword
              (11 damage)
             ... on level 4 of the Dungeon.
             The game lasted 00:07:05 (3636 turns).

monsoonserge the Shooter (Spriggan Hunter)          Turns: 3636, Time: 00:07:05

Health: -4/32      AC:  3    Str: 10    XL:     6   Next: 52%
Magic:  7/7        EV: 18    Int: 10    God:    Okawaru [......]
Gold:   227        SH:  0    Dex: 21    Spells: 5/5 levels left

rFire   . . .        a - +0 shortbow
rCold   . . .        (shield currently unavailable)
rNeg    . . .        v - +1 robe of Weeluch Poap {Str+3 Slay+3}
rPois   .            (helmet restricted)
rElec   .            (no cloak)
rCorr   .            (gloves unavailable)
SInv    +            (boots unavailable)
Will    +....        w - amulet of the acrobat
Stlth   ++           (no ring)
HPRegen 0.25/turn    (no ring)
MPRegen 0.10/turn

%: acrobat
@: very quick
A: very small, no large weapons, unfitting armour, see invisible, speed 3
a: Renounce Religion


You were on level 4 of the Dungeon.
You worshipped Okawaru.
Okawaru was noncommittal.
You visited 2 branches of the dungeon, and saw 5 of its levels.

You collected 227 gold pieces.

Inventory:

Hand Weapons
 a - a +0 shortbow (weapon)
Missiles
 i - 2 poisoned darts
 s - a throwing net
Armour
 u - the +0 robe "Esanwewa" {Harm rN+ Dex+2}
   (You found it on level 4 of the Dungeon)

   Dex:       It affects your dexterity (+2).
   rN:        It protects you from negative energy.
   Harm:      It increases damage dealt and taken.
 v - the +1 robe of Weeluch Poap (worn) {Str+3 Slay+3}
   (You found it on level 4 of the Dungeon)

   Str:       It affects your strength (+3).
   Slay:      It affects your accuracy & damage with ranged weapons and melee
   (+3).
Magical Staves
 n - a staff of conjuration
Jewellery
 w - an amulet of the acrobat (around neck)
Wands
 q - a wand of roots (5)
Scrolls
 b - a scroll of immolation
 e - a scroll of poison {unknown}
 g - 12 scrolls of identify {unknown}
 h - a scroll of magic mapping {unknown}
 j - 3 scrolls of teleportation {unknown}
 k - 2 scrolls of noise {unknown}
 m - a scroll of fog {unknown}
 r - a scroll of blinking {unknown}
Potions
 c - a potion of degeneration {unknown}
 d - 7 potions of curing {unknown}
 f - a potion of attraction {unknown}
 l - a potion of heal wounds {unknown}
 o - a potion of invisibility {unknown}
 p - a potion of ambrosia {unknown}
 t - a potion of might {unknown}


   Skills:
 + Level 2.7 Fighting
 + Level 7.2 Ranged Weapons
 + Level 3.0 Dodging
 + Level 2.3 Stealth


You had 5 spell levels left.
You didn't know any spells.
Your spell library contained the following spells:

 Spells                   Type           Power      Damage    Failure   Level
 Necrotise                Necr           0%         1d4       36%         1
 Vampiric Draining        Necr           0%         2d6       75%         3
 Agony                    Necr           0%         N/A       100%        5


Dungeon Overview and Level Annotations

Branches:
Dungeon (4/15)             Temple (1/1) D:4

Altars:
Ashenzari
Cheibriados
Hepliaklqana
Makhleb
Okawaru
Ru
Trog
Uskayaw
Wu Jian
Yredelemnul
The Shining One

Annotations:
D:4 Dowan, Duvessa


Innate Abilities, Weirdness & Mutations

You are very small and have problems with some larger weapons.
You are too small for most types of armour.
You have supernaturally acute eyesight. (SInv)
You cover ground extremely quickly. (Speed+++)


Message History

You shoot an arrow.
The arrow hits Duvessa but does no damage.
You shoot an arrow. The arrow hits Duvessa.
Duvessa is lightly wounded.
Duvessa says, "When magic and the sword combine, nothing stands against them."
You shoot an arrow. The arrow hits Duvessa!
Duvessa is moderately wounded.
Duvessa hits you with a +0 short sword! x2
You are too injured to fight recklessly!
Unknown command.
Okay, then.
Okay, then.
Okay, then.
Fire: a) +0 shortbow
Press: ? - help, Q - select action, (/) - cycle Shift-Dir - straight line, f/p - Duvessa
Aim: Duvessa, wielding a +0 short sword and wearing a +0 leather armour (moderately wounded, fast, 72% to hit)
You shoot an arrow. The arrow hits Duvessa.
Duvessa is heavily wounded.
Duvessa misses you.
Dowan casts a spell.
Dowan blinks!
Fire: a) +0 shortbow
Press: ? - help, Q - select action, (/) - cycle Shift-Dir - straight line, f/p - Duvessa
Aim: Duvessa, wielding a +0 short sword and wearing a +0 leather armour (heavily wounded, fast, 72% to hit)
You shoot an arrow.
The arrow hits Duvessa but does no damage.
Duvessa is heavily wounded.
Duvessa barely misses you.
Dowan gestures wildly while chanting.
Dowan blinks!
Duvessa hits you with a +0 short sword!
Fire: a) +0 shortbow
Press: ? - help, Q - select action, (/) - cycle Shift-Dir - straight line, f/p - Duvessa
Aim: Duvessa, wielding a +0 short sword and wearing a +0 leather armour (heavily wounded, fast, 72% to hit)
You shoot an arrow. The arrow hits Duvessa!
Duvessa is severely wounded.
Duvessa hits you with a +0 short sword.
* * * LOW HITPOINT WARNING * * *
Dowan smirks and points a slender finger.
Duvessa hits you with a +0 short sword!
You die...

#...# #####.# # #...# #.....# #
#...# #.##### # ##### #.....#####
########.##...
####################.....##.##.##
.......[...........#.###.##....##
##################.#.# #.#####...
.§.e§..e@....###....##.##
##########..###.....##.##
#.......##........##
#.......##.#.#######
#.......##.#.# # #..........#.###
# #........###...# #
#.........####.# #
########.......# #


You could see Duvessa (fast) and Dowan.

Vanquished Creatures
  Menkaure (D:4)
  A scorpion (D:4)
  Terence (D:3)
  Robin (D:3)
  4 gnolls
  6 adders
  2 worms
  2 dart slugs (D:3)
  3 orcs
  13 endoplasms
  2 giant cockroaches
  9 goblins
  3 hobgoblins
  3 jackals (D:1)
  9 kobolds
  5 quokkas
  5 ball pythons
  8 bats
  3 frilled lizards
  5 rats (D:1)
86 creatures vanquished.

Notes
Turn   | Place    | Note
-------+----------+-------------------------------------------
     0 | D:1      | monsoonserge the Spriggan Hunter began the quest for the
                  | Orb.
     0 | D:1      | Reached XP level 1. HP: 10/10 MP: 2/2
   259 | D:1      | Reached XP level 2. HP: 15/15 MP: 3/3
   547 | D:1      | Reached XP level 3. HP: 18/18 MP: 4/4
   949 | D:2      | Reached skill level 5 in Ranged Weapons
  1522 | D:3      | Reached XP level 4. HP: 23/23 MP: 5/5
  1840 | D:3      | Noticed Robin
  1860 | D:3      | Killed Robin
  2310 | D:3      | Noticed Terence
  2341 | D:3      | Killed Terence
  2342 | D:3      | Reached skill level 6 in Ranged Weapons
  2342 | D:3      | Reached XP level 5. HP: 26/26 MP: 6/6
  2540 | D:3      | Found a faded altar of an unknown god.
  2641 | D:4      | Found a staircase to the Ecumenical Temple.
  2985 | Temple   | Entered the Ecumenical Temple
  3183 | Temple   | Became a worshipper of Warmaster Okawaru
  3281 | D:4      | Identified the +0 robe "Esanwewa" {Harm rN+ Dex+2}
  3307 | D:4      | Reached XP level 6. HP: 32/32 MP: 7/7
  3329 | D:4      | Noticed Menkaure
  3332 | D:4      | Killed Menkaure
  3333 | D:4      | Reached skill level 7 in Ranged Weapons
  3419 | D:4      | Identified the +1 robe of Weeluch Poap {Str+3 Slay+3}
  3625 | D:4      | Noticed Dowan
  3627 | D:4      | Noticed Duvessa
  3636 | D:4      | Slain by Duvessa

Illustrated notes

Levels and vault maps discovered:
D:1:      co_arrival_random_square_maze, layout_basic, st_stairs_1
D:2:      layout_basic
D:3:      minmay_skewed_foursquare, layout_loops_corners,
          hellmonk_ecumenical_altar_inner_sanctum,
          minmay_fractal_squares_gapless_5, uniq_terence, uniq_robin
D:4:      layout_basic, minmay_temple_entry_stoned_glass, uniq_menkaure,
          uniq_duvessa
Temple:   bh_familiar_temple

Skill      XL: |  1  2  3  4  5  6 |
---------------+-------------------+-----
Fighting       | 2 |  2.7
Ranged Weapons | 5 6 7 |  7.2
Stealth        | 2 |  2.3
Dodging        | 3 |  3.0

Action                     |  1- 3 |  4- 6 || total
---------------------------+-------+-------++-------
   Fire: Shortbow          |   113 |   149 ||   262
 Armour: Robe              |     4 |     4 ||     8
  Dodge: Dodged            |    33 |    38 ||    71
